 Dungeon Crawl Stone Soup version 0.31-a0-640-g39d97e502b (webtiles) character file.

Game seed: 8245730378740840706

1132 OTABOTABOTAB the Thaumaturge (level 8, 57/57 HPs)
             Began as a Purple Draconian Conjurer on June 25, 2023.
             Was a Follower of Vehumet.
             Quit the game on level 5 of the Dungeon on Aug 27, 2023.
             The game lasted 00:09:49 (6130 turns).

OTABOTABOTAB the Thaumaturge (DrCj)                 Turns: 6130, Time: 00:09:50

Health: 57/57      AC:  8    Str: 10    XL:     8   Next: 13%
Magic:  20/20      EV: 12    Int: 21    God:    Vehumet [*.....]
Gold:   1193       SH:  0    Dex:  9    Spells: 9/23 levels left

rFire   . . .        l - +2 short sword (venom)
rCold   . . .        (no shield)
rNeg    + . .        (body armour unavailable)
rPois   .            (helmet restricted)
rElec   .            k - +0 cloak
rCorr   .            a - +0 pair of gloves
SInv    .            (no boots)
Will    +....        (no amulet)
Stlth   ++           N - ring of positive energy {rN+}
HPRegen 0.29/turn    (no ring)
MPRegen 0.17/turn

%: no passive effects
@: no status effects
A: breathe power, AC +6, unfitting armour, cold-blooded
a: Breathe Dispelling Energy, Renounce Religion


You were on level 5 of the Dungeon.
You worshipped Vehumet.
Vehumet was aware of your devotion.
You visited 1 branch of the dungeon, and saw 5 of its levels.

You collected 1193 gold pieces.

Inventory:

Hand Weapons
 f - a +0 quarterstaff
   (You found it on level 1 of the Dungeon)
 l - a +2 short sword of venom (weapon)
   (You took it off an orc on level 3 of the Dungeon)
Armour
 a - a +0 pair of gloves (worn)
   (You found it on level 1 of the Dungeon)
 k - a +0 cloak (worn)
   (You took it off Crazy Yiuf on level 2 of the Dungeon)
Jewellery
 N - a ring of positive energy (left hand) {rN+}
   (You found it on level 1 of the Dungeon)
Wands
 y - a wand of mindburst (6)
   (You took it off Ijyb on level 5 of the Dungeon)
Scrolls
 b - 2 scrolls of enchant armour {unknown}
 d - 2 scrolls of noise {unknown}
 e - a scroll of enchant weapon {unknown}
 K - 2 scrolls of immolation {!r}
 V - 4 scrolls of vulnerability {!r!r}
Potions
 c - a potion of might {unknown}
 g - 2 potions of enlightenment {unknown}
 i - a potion of degeneration {unknown}
 j - 2 potions of brilliance {unknown}
 n - a potion of curing {unknown}
 H - a potion of haste
 M - a potion of magic


   Skills:
 - Level 1.7 Dodging
 - Level 1.7 Stealth
 * Level 8.1 Spellcasting
 + Level 6.4 Conjurations
 + Level 2.8 Hexes
 + Level 2.5 Translocations


You had 9 spell levels left.
You knew the following spells:

 Your Spells              Type           Power      Damage    Failure   Level
a - Magic Dart            Conj           100%       1d8       1%          1
b - Searing Ray           Conj           70%        2d7       1%          2
c - Fulminant Prism       Conj/Hex       14%        3d8       12%         4
d - Stone Arrow           Conj/Erth      44%        3d9       6%          3
x - Iskenderun's Mystic   Conj/Tloc      27%        2d7       12%         4

Your spell library contained the following spells:

 Spells                   Type           Power      Damage    Failure   Level
 Sandblast                Erth           16%        2d6       8%          1
 Dazzling Flash           Conj/Hex       56%        N/A       3%          3
 Ensorcelled Hibernation  Hex/Ice        28%        N/A       7%          2
 Passwall                 Tmut/Erth      6%         N/A       12%         2
 Frozen Ramparts          Ice            16%        1d3       24%         3
 Swiftness                Air            8%         N/A       24%         3
 Summon Ice Beast         Ice/Summ       8%         N/A       61%         4
 Lehudib's Crystal Spear  Conj/Erth      11%        10d4      100%        8
 Animate Armour           Summ/Erth      Unusable   N/A       N/A         4

Dungeon Overview and Level Annotations

Branches:
Dungeon (5/15)             Temple (0/1) D:5

Altars:
Trog
Vehumet
Zin
The Shining One

Annotations:
D:4 1 exclusion


Innate Abilities, Weirdness & Mutations

You can breathe bolts of dispelling energy.
Your rich purple scales are hard. (AC +6)
You cannot fit into any form of body armour.
You are cold-blooded and may be slowed by cold attacks.


Message History

g - a green potion;
y - a wand of mindburst (6)
Things that are here:
a +0 hand axe; a +0 ring mail; the goblin skeleton of Ijyb Unknown command.
MP restored: 20 A goblin comes into view.
It is wielding a +0 dagger.
The magic dart hits the goblin!
You kill the goblin!
Vehumet accepts your kill.
You feel your power returning.
No target in view!
The orc shouts!
You hear a shout!
The magic dart hits the orc but does no damage.
You now have 19/20 mp.
The magic dart hits the orc!
You kill the orc!
Vehumet accepts your kill.
You now have 18/20 mp.
No target in view!
An orc priest is nearby!
The magic dart hits the orc priest but does no damage.
The orc priest shouts!
The orc priest mumbles some strange prayers to Beogh against you.
Beogh smites you!
You take 16 damage, and have 41/57 hp.
MASSIVE DAMAGE!!
Press: ? - help, Dir - move target, p - orc priest You conjure a prism of explosive energy!
A fulminant prism comes into view.
You now have 14/20 mp.
Your fulminant prism crackles loudly.
The orc priest calls down the wrath of Beogh upon you.
Beogh smites you!
The blast of energy engulfs the orc wizard!
You kill the orc wizard!
Vehumet accepts your kill.
The blast of energy engulfs the orc priest!!
You kill the orc priest!
Vehumet accepts your kill.
You take 12 damage, and have 29/57 hp.
MASSIVE DAMAGE!!
An orc priest is nearby!
You are too injured to fight recklessly!
Press: ? - help, Dir - move target You conjure a prism of explosive energy!
The orc priest shouts!
A fulminant prism comes into view.
The orc priest looks encouraged for a moment.
You now have 11/20 mp.
Your fulminant prism crackles loudly.
The blast of energy engulfs the orc priest!!
You kill the orc priest!
Vehumet accepts your kill.
You start resting.
An adder is nearby!
You regained 25 hp, and now have 56/57 hp.
MP restored: 20 The magic dart hits the adder.
The adder hisses angrily.
You now have 19/20 mp.
The magic dart hits the adder.
You now have 18/20 mp.
The magic dart hits the adder.
Health restored: 57 You now have 17/20 mp.
Press: ? - help, Shift-Dir - straight line, f/p - adder
Aim: an adder (almost dead, 68% to hit)
The searing ray misses the adder. (Press . to maintain the ray.)
You now have 15/20 mp.
An adder is nearby!
The searing ray hits the adder!
You kill the adder!
Vehumet accepts your kill.
You now have 14/20 mp.
Found a staircase to the Ecumenical Temple.
MP restored: 20
V - 4 scrolls of vulnerability {!r!r} (gained 1)
g - 2 green potions (gained 1)
d - 2 scrolls labelled KAPSIL GUILUZ (gained 1)
You see here a +0 dagger.
Things that are here:
a +2 dagger of electrocution; a +0 ring mail; an orc corpse
b - 2 scrolls labelled POLIDUAWAXT (gained 1)
Items here: )) [[.
Found a stone staircase leading down.
You pick up a book of Rime and begin reading...
You add the spells Frozen Ramparts, Ice Form and Summon Ice Beast to your library.
There is an open door here.
You pick up a book of Burglary and begin reading...
You add the spells Passwall, Ensorcelled Hibernation and Swiftness to your library.
Found a stone staircase leading down.
There is an open door here.
There is an open door here.
Found a stone staircase leading down.
Done exploring.
Done exploring.
Bad channel name 'Jiyva says' for runrest: 'Jiyva says: Divide and consume' Welcome back, OTABOTABOTAB the Purple Draconian Conjurer.
Vehumet says: Let it end in hellfire!

#..#.#.#...
##.#.#.#.#..
#...#.>.#...
#..#.#.#.#..
#########...#.#.#..#
##.....##.....#.#...#
#.............).....#
#.............).....'
#...@...............#
##..##.##...###...###
#####'##...#########
#................
#.......)........
#รท........)......
##.......<)......
##...............
#................


There were no monsters in sight!

Vanquished Creatures
  Sigmund (D:2)
  An orc warrior (D:5)
  An ogre (D:5)
  A phantom (D:5)
  3 scorpions
  A jelly (D:5)
  2 orc priests (D:5)
  Crazy Yiuf (D:2)
  5 iguanas
  Ijyb (D:5)
  3 orc wizards (D:5)
  Robin (D:5)
  6 adders
  A gnoll (D:1)
  An ufetubus (D:5)
  4 worms
  9 orcs
  6 bats
  4 endoplasms
  3 giant cockroaches
  9 hobgoblins
  5 jackals
  A quokka (D:3)
  6 ball pythons
  5 frilled lizards
  11 goblins
  6 kobolds
  11 rats
109 creatures vanquished.

Vanquished Creatures (others)
  6 fulminant prisms (D:5)
6 creatures vanquished.

Grand Total: 115 creatures vanquished

Notes
Turn   | Place    | Note
-------+----------+-------------------------------------------
     0 | D:1      | OTABOTABOTAB the Draconian Conjurer began the quest for the
                  | Orb.
     0 | D:1      | Reached XP level 1. HP: 14/14 MP: 3/3
    16 | D:1      | Reached XP level 2. HP: 13/20 MP: 0/5
   763 | D:1      | Found a faded altar of an unknown god.
   853 | D:1      | Reached XP level 3. HP: 26/26 MP: 0/7
   856 | D:1      | Reached skill level 3 in Spellcasting
   964 | D:1      | Learned a level 2 spell: Searing Ray
  1852 | D:2      | Found a runed translucent door.
  1853 | D:2      | Noticed Crazy Yiuf
  1954 | D:2      | Noticed Sigmund
  1967 | D:2      | Killed Sigmund
  1968 | D:2      | Reached skill level 4 in Spellcasting
  1968 | D:2      | Reached skill level 5 in Conjurations
  1968 | D:2      | Reached XP level 4. HP: 21/33 MP: 1/10
  1968 | D:2      | Reached XP level 5. HP: 24/38 MP: 1/12
  2441 | D:2      | Killed Crazy Yiuf
  2781 | D:3      | Reached XP level 6. HP: 45/45 MP: 9/13
  3108 | D:3      | Found a radiant altar of Vehumet.
  3109 | D:3      | Found a glowing silver altar of Zin.
  3122 | D:3      | Became a worshipper of Vehumet
  3226 | D:3      | Found a glowing golden altar of the Shining One.
  3485 | D:4      | Reached skill level 5 in Spellcasting
  3553 | D:4      | Identified a scroll of acquirement
  3553 | D:4      | Acquired 915 gold pieces
  3748 | D:4      | Found the +4 skin of Zhor {*Englaciate rC+++ SInv}
  3862 | D:4      | Noticed a moth of wrath
  3865 | D:4      | Found a bloodstained altar of Trog.
  4859 | D:5      | Entered Level 5 of the Dungeon
  4867 | D:4      | Learned a level 4 spell: Fulminant Prism
  4872 | D:4      | Learned a level 4 spell: Iskenderun's Mystic Blast
  4928 | D:5      | Reached * piety under Vehumet
  4928 | D:5      | Offered knowledge of Sandblast by Vehumet.
  5056 | D:5      | Your scales start taking on a rich purple colour.
  5056 | D:5      | Reached skill level 6 in Spellcasting
  5056 | D:5      | Reached XP level 7. HP: 36/50 MP: 8/17
  5062 | D:5      | Reached skill level 7 in Spellcasting
  5062 | D:5      | Reached skill level 1 in Hexes
  5089 | D:5      | Reached skill level 1 in Translocations
  5135 | D:5      | Reached skill level 6 in Conjurations
  5256 | D:5      | Reached skill level 2 in Hexes
  5400 | D:5      | Noticed Robin
  5404 | D:5      | Killed Robin
  5438 | D:5      | Learned a level 3 spell: Stone Arrow
  5490 | D:5      | Reached skill level 2 in Translocations
  5538 | D:5      | Noticed Ijyb
  5554 | D:5      | Killed Ijyb
  5688 | D:5      | Reached skill level 8 in Spellcasting
  5688 | D:5      | Reached XP level 8. HP: 54/57 MP: 5/20
  5945 | D:5      | Found a staircase to the Ecumenical Temple.
  6130 | D:5      | Upgraded the game from 0.31-a0-198-g2ad674f65e to
                  | 0.31-a0-640-g39d97e502b
  6130 | D:5      | Quit the game

Illustrated notes

Levels and vault maps discovered:
D:1:      dpeg_arrival_court, layout_loops_corners,
          dreamdust_ecumenical_altar_angels_and_demons, st_stairs_8
D:2:      layout_loops_cross, uniq_sigmund, uniq_crazy_yiuf_cottage
D:3:      wander_river, layout_rooms, gammafunk_temple_overflow_pools,
          mainiacjoe_overflow_concentric_impassable
D:4:      layout_basic, tgw_trog, serial_forest, infiniplex_forest_lined_ring,
          infiniplex_forest_straight_2, infiniplex_forest_clump_medium,
          infiniplex_forest_zigzag_1, infiniplex_forest_clump_small,
          infiniplex_forest_straight_3, infiniplex_forest_end_1,
          minmay_misc_feat_pillars, minmay_quantized
D:5:      layout_gridville, minmay_temple_entry_grid, nicolae_goblin_pals

Skill      XL: |  1  2  3  4  5  6  7 |
---------------+----------------------+-----
Spellcasting   | 4 6 8 |  8.1
Conjurations   | 5 6 |  6.4
Hexes          | 2 |  2.8
Translocations | 2 |  2.5
Dodging        | |  1.7
Stealth        | |  1.7

Action                     |  1- 3 |  4- 6 |  7- 9 || total
---------------------------+-------+-------+-------++-------
  Melee: Unarmed           |     2 |       |       ||     2
         Tailslap          |     1 |       |       ||     1
         Spear             |     7 |       |       ||     7
         Whip              |     3 |       |       ||     3
         Quarterstaff      |     9 |     2 |       ||    11
         Short sword       |       |    10 |     3 ||    13
   Cast: Magic Dart        |    62 |    82 |    28 ||   172
         Searing Ray       |     1 |    13 |    11 ||    25
         Fulminant Prism   |       |     1 |     5 ||     6
         Iskenderun's Myst |       |     1 |     2 ||     3
    Use: Potion            |     1 |       |       ||     1
         Scroll            |       |     7 |       ||     7
 Armour: Skin              |     5 |     5 |     4 ||    14
  Dodge: Dodged            |    17 |    15 |     9 ||    41

Table legend: (Time is in decaauts)
 A = Elapsed time spent in this place.
 B = Non-inter-level travel time spent in this place.
 C = Inter-level travel time spent in this place.
 D = Time resting spent in this place.
 E = Time spent auto-exploring this place.
 F = Levels seen in this place.
 G = Mean time per level.
                   A        B        C        D        E       F      G
               +--------+--------+--------+--------+--------+-----+--------+
         Total |   6116 |   5946 |    170 |    678 |   4640 |   5 | 1223.2 |
       Dungeon |   6116 |   5946 |    170 |    678 |   4640 |   5 | 1223.2 |
               +--------+--------+--------+--------+--------+-----+--------+

Top non-repeatable levels by time:
     D:4: 1873 daAuts
     D:1: 1405 daAuts
     D:2: 1159 daAuts
     D:5: 926 daAuts
     D:3: 751 daAuts

Levels and vault maps discovered:
D:1:      dpeg_arrival_court, layout_loops_corners,
          dreamdust_ecumenical_altar_angels_and_demons, st_stairs_8
D:2:      layout_loops_cross, uniq_sigmund, uniq_crazy_yiuf_cottage
D:3:      wander_river, layout_rooms, gammafunk_temple_overflow_pools,
          mainiacjoe_overflow_concentric_impassable
D:4:      layout_basic, tgw_trog, serial_forest, infiniplex_forest_lined_ring,
          infiniplex_forest_straight_2, infiniplex_forest_clump_medium,
          infiniplex_forest_zigzag_1, infiniplex_forest_clump_small,
          infiniplex_forest_straight_3, infiniplex_forest_end_1,
          minmay_misc_feat_pillars, minmay_quantized
D:5:      layout_gridville, minmay_temple_entry_grid, nicolae_goblin_pals

Table legend: (Time is in decaauts)
 A = Elapsed time spent in this place.
 B = Non-inter-level travel time spent in this place.
 C = Inter-level travel time spent in this place.
 D = Time resting spent in this place.
 E = Time spent auto-exploring this place.
 F = Levels seen in this place.
 G = Mean time per level.
                   A        B        C        D        E       F      G
               +--------+--------+--------+--------+--------+-----+--------+
         Total |   6116 |   5946 |    170 |    678 |   4640 |   5 | 1223.2 |
       Dungeon |   6116 |   5946 |    170 |    678 |   4640 |   5 | 1223.2 |
               +--------+--------+--------+--------+--------+-----+--------+

Top non-repeatable levels by time:
     D:4: 1873 daAuts
     D:1: 1405 daAuts
     D:2: 1159 daAuts
     D:5: 926 daAuts
     D:3: 751 daAuts

Table legend:
 A = Kills in this place as a percentage of kills in the entire game.
 B = Kills by you in this place as a percentage of kills by you in the entire game.
 C = Kills by friends in this place as a percentage of kills by friends in the entire game.
 D = Other kills in this place as a percentage of other kills in the entire game.
 E = Experience gained in this place as a percentage of experience gained in the entire game.
 F = Experience gained in this place divided by the number of levels of this place that you have seen.
                   A       B       C       D       E      F
               +-------+-------+-------+-------+-------+----------------------
         Total | 100.0 | 100.0 |   N/A |   N/A | 100.0 | 323.6
       Dungeon | 100.0 | 100.0 |   N/A |   N/A | 100.0 | 323.6
               +-------+-------+-------+-------+-------+----------------------
